 Dungeon Crawl Stone Soup version 0.31-a0-986-g5e6e4ef867 (webtiles) character file.

Game seed: 6046542388590145800

14 Curundu the Conjurer (level 2, -2/20 HPs)
             Began as a Draconian Conjurer on Nov 17, 2023.
             Slain by a gnoll
             ... wielding a +0 whip
              (8 damage)
             ... on level 2 of the Dungeon.
             The game lasted 00:11:02 (1037 turns).

Curundu the Conjurer (Draconian Conjurer)           Turns: 1037, Time: 00:11:02

Health: -2/20      AC:  4    Str:  9    XL:     2   Next: 31%
Magic:  2/5        EV: 12    Int: 18    God:
Gold:   54         SH:  0    Dex:  9    Spells: 4/5 levels left

rFire   . . .        e - +2 hand axe (elec)
rCold   . . .        (no shield)
rNeg    . . .        (body armour unavailable)
rPois   .            (helmet restricted)
rElec   .            (no cloak)
rCorr   .            (no gloves)
SInv    .            (no boots)
Will    .....        (no amulet)
Stlth   ++           (no ring)
HPRegen 0.23/turn    (no ring)
MPRegen 0.09/turn

%: no passive effects
@: no status effects
A: AC +4, unfitting armour, cold-blooded
a: no special abilities


You were on level 2 of the Dungeon.
You visited 1 branch of the dungeon, and saw 2 of its levels.

You collected 54 gold pieces.

Inventory:

Hand Weapons
 e - a +2 hand axe of electrocution (weapon)
Scrolls
 g - a scroll of amnesia {unknown}
Potions
 a - a potion of magic
 b - a potion of brilliance {unknown}
 c - 3 potions of curing {unknown}
 f - a potion of invisibility {unknown}


   Skills:
 + Level 1.7 Dodging
 + Level 1.7 Stealth
 + Level 2.2 Spellcasting
 + Level 4.4 Conjurations


You had 4 spell levels left.
You knew the following spells:

 Your Spells              Type           Power      Damage    Failure   Level
a - Magic Dart            Conj           72%        1d6       2%          1

Your spell library contained the following spells:

 Spells                   Type           Power      Damage    Failure   Level
 Searing Ray              Conj           36%        2d5       4%          2
 Dazzling Flash           Conj/Hex       20%        N/A       22%         3
 Fulminant Prism          Conj/Hex       5%         3d7       56%         4
 Iskenderun's Mystic Bla  Conj/Tloc      10%        2d4       56%         4


Dungeon Overview and Level Annotations

Branches:
Dungeon (2/15)

Altars:


Innate Abilities, Weirdness & Mutations

Your plain brown scales are hard. (AC +4)
You cannot fit into any form of body armour.
You are cold-blooded and may be slowed by cold attacks.


Message History

The magic dart hits the gnoll.
The gnoll is lightly wounded.
The gnoll shouts!
A gnoll comes into view. It is wielding a +0 halberd.
Casting: Magic Dart (safe; 2% risk of failure)
Confirm with . or Enter, or press ? or * to list all spells.
Aiming: Magic Dart (safe; 2% risk of failure)
Press: ? - help, Shift-Dir - straight line, f/p - gnoll
Aim: a gnoll, wielding a +0 whip (lightly wounded, 100% to hit)
The magic dart hits the gnoll.
The gnoll is moderately wounded.
The gnoll shouts!
The gnoll closely misses you.
You closely miss the gnoll.
Your tail-slap misses the gnoll.
The gnoll is moderately wounded.
The gnoll hits you with a +0 whip.
You barely miss the gnoll. You tail-slap the gnoll.
The gnoll is heavily wounded.
The gnoll barely misses you. The gnoll attacks as it pursues you!
The gnoll misses you.
You see here a +0 dagger.
The gnoll attacks as it pursues you! The gnoll barely misses you.
The gnoll barely misses you. The gnoll misses you.
The gnoll attacks as it pursues you! The gnoll hits you with a +0 whip!
The gnoll attacks as it pursues you! The gnoll closely misses you.
Found a There-And-Back Book.
The gnoll attacks as it pursues you! The gnoll hits you with a +0 whip.
* * * LOW HITPOINT WARNING * * *
You closely miss the gnoll.
The gnoll is heavily wounded.
The gnoll hits you but does no damage.
You barely miss the gnoll.
The gnoll is heavily wounded.
The gnoll closely misses you. The gnoll barely misses you.
The gnoll hits you but does no damage. The gnoll closely misses you.
The gnoll barely misses you.
You hit the gnoll.
The gnoll is almost dead.
The gnoll hits you with a +0 whip!
You die...

... .. ###..##.##
#.. #....>...###
.. #..........
..## #.......#
...## #..g# ..#...
##.$.# #:...
##...)#########..#
#...#.......gg@.#
#.#.<.......g####
...#..#.......#
### #.##......##
... #......# #..)
#......# #...
#......# ####
########


You could see 3 gnolls.

Vanquished Creatures
  5 ball pythons (D:1)
  An endoplasm (D:1)
  A goblin (D:2)
  A hobgoblin (D:1)
  A kobold (D:1)
  A frilled lizard (D:1)
  4 rats (D:1)
14 creatures vanquished.

Notes
Turn   | Place    | Note
-------+----------+-------------------------------------------
     0 | D:1      | Curundu the Draconian Conjurer began the quest for the Orb.
     0 | D:1      | Reached XP level 1. HP: 14/14 MP: 3/3
   470 | D:1      | Found a faded altar of an unknown god.
   625 | D:1      | Reached XP level 2. HP: 20/20 MP: 5/5
  1037 | D:2      | Slain by a gnoll

Illustrated notes

Levels and vault maps discovered:
D:1:      elethiomel_arrival_maze, layout_rooms,
          shapermc_ecumenical_altar_acropolis, nrook_loot_triangle
D:2:      layout_rooms

Action                     || total
---------------------------++-------
  Melee: Unarmed           ||     5
         Tailslap          ||     2
         Hand axe          ||     8
  Throw: Dart              ||    10
   Cast: Magic Dart        ||    17
 Armour: Skin              ||     9
  Dodge: Dodged            ||    19

Table legend: (Time is in decaauts)
 A = Elapsed time spent in this place.
 B = Non-inter-level travel time spent in this place.
 C = Inter-level travel time spent in this place.
 D = Time resting spent in this place.
 E = Time spent auto-exploring this place.
 F = Levels seen in this place.
 G = Mean time per level.
                   A        B        C        D        E       F      G
               +--------+--------+--------+--------+--------+-----+--------+
         Total |   1043 |   1043 |      0 |    273 |      0 |   2 |  521.5 |
       Dungeon |   1043 |   1043 |      0 |    273 |      0 |   2 |  521.5 |
               +--------+--------+--------+--------+--------+-----+--------+

Top non-repeatable levels by time:
     D:1: 1013 daAuts
     D:2: 30 daAuts
